[Event "ICC tourney 2817 (20 5)"]
[Site "Internet Chess Club"]
[Date "2022.02.05"]
[Round "1"]
[White "KUMAR, SRIRAM K:sirking2800"]
[Black "Potukuchi, Siddhartha:Firemonsterz"]
[Result "1-0"]
[ICCResult "Black resigns"]
[WhiteElo "1732"]
[BlackElo "1369"]
[Opening "Ruy Lopez: classical (Cordel) defense"]
[ECO "C64"]
[NIC "RL.01"]
[Time "11:22:35"]
[PlyCount "38"]
[TimeControl "1200+5"]

1. e4 e5 2. Nf3 Nc6 3. Bb5 Bc5 4. Nxe5 Nxe5 5. d4 c6 6. Be2 Ng6 7. dxc5 Nf6
8. Nc3 O-O 9. O-O d5 10. cxd6 Be6 11. Be3 Nh4 12. f4 Qd7 13. f5 Bxf5 14.
exf5 Nxf5 15. Bg5 Nd5 16. Nxd5 cxd5 17. Bg4 g6 18. Qxd5 Rae8 19. Bf6 Re6
{Black resigns}
1-0

[Event "ICC tourney 2817 (20 5)"]
[Site "Internet Chess Club"]
[Date "2022.02.05"]
[Round "1"]
[White "RAMAN, ARJUN:jojoraman"]
[Black "PARK, COLIN:collywog"]
[Result "1/2-1/2"]
[ICCResult "Game drawn because neither player has mating material"]
[WhiteElo "1619"]
[BlackElo "1161"]
[Opening "French: Tarrasch, open variation, main line"]
[ECO "C09"]
[NIC "FR.22"]
[Time "11:21:39"]
[PlyCount "149"]
[TimeControl "1200+5"]

1. e4 e6 2. d4 d5 3. Nd2 c5 4. exd5 exd5 5. Ngf3 Nc6 6. c3 Qb6 7. Nb3 Bg4 8.
dxc5 Bxc5 9. Nxc5 Qxc5 10. Be2 Nf6 11. O-O O-O 12. Be3 Qd6 13. h3 Bxf3 14.
Bxf3 Ne5 15. Be2 Rfe8 16. Kh1 Rad8 17. Bb5 Nc6 18. Bxc6 Qxc6 19. Qb3 b6 20.
Rad1 Ne4 21. Kg1 Nc5 22. Qc2 Qg6 23. Qxg6 fxg6 24. Rd4 Re4 25. Rd2 Ne6 26.
Rfd1 Nf4 27. Bxf4 Rxf4 28. Rxd5 Rxd5 29. Rxd5 Ra4 30. a3 Re4 31. Kf1 Kf8 32.
Rd7 Re7 33. Rxe7 Kxe7 34. Ke2 Kd6 35. Kd3 Kc5 36. Ke4 Kc4 37. b4 Kxc3 38.
Kd5 Kb3 39. b5 Kxa3 40. Kc6 Kb4 41. f4 Ka5 42. g4 a6 43. bxa6 Kxa6 44. f5
gxf5 45. gxf5 b5 46. h4 b4 47. h5 b3 48. h6 gxh6 49. f6 b2 50. f7 b1=Q 51.
f8=Q Qb5+ 52. Kc7 Qb6+ 53. Kd7 Qb7+ 54. Ke6 Qe4+ 55. Kd7 Qg4+ 56. Kc7 Qc4+
57. Kd7 Qb5+ 58. Ke6 Qc6+ 59. Ke5 Kb6 60. Qb8+ Qb7 61. Qd6+ Qc6 62. Qb8+ Kc5
63. Qf8+ Kc4 64. Qf7+ Kd3 65. Qxh7+ Kc3 66. Kf4 Qc4+ 67. Kf3 Qf1+ 68. Ke3
Qc1+ 69. Kf3 Qd1+ 70. Ke3 Qd2+ 71. Kf3 Qd3+ 72. Qxd3+ Kxd3 73. Kg4 Ke4 74.
Kh5 Kf5 75. Kxh6 {Game drawn because neither player has mating material}
1/2-1/2

[Event "ICC tourney 2817 (20 5)"]
[Site "Internet Chess Club"]
[Date "2022.02.05"]
[Round "1"]
[White "ZHAO, DANSON:K01-30127679"]
[Black "HARRIS, ISAAC LOTT:isaaclharris"]
[Result "0-1"]
[ICCResult "White checkmated"]
[WhiteElo "1049"]
[BlackElo "1509"]
[Opening "Sicilian: Najdorf, Byrne (English) attack"]
[ECO "B90"]
[NIC "SI.14"]
[Time "11:22:35"]
[PlyCount "82"]
[TimeControl "1200+5"]

1. e4 c5 2. Nf3 d6 3. d4 cxd4 4. Nxd4 Nf6 5. Nc3 a6 6. Be3 e5 7. Nf3 Be7 8.
Bd3 Be6 9. O-O O-O 10. Na4 Nbd7 11. h3 b5 12. Nc3 Qc7 13. Ng5 Rac8 14. Nxe6
fxe6 15. f4 d5 16. exd5 exd5 17. fxe5 Nxe5 18. Bf5 Rcd8 19. Be6+ Kh8 20. Bf4
Qb6+ 21. Kh1 Qxe6 22. Re1 Ne4 23. Nxe4 dxe4 24. Bd2 Nc4 25. Re2 Qd5 26. b3
Nxd2 27. c4 Qd3 28. cxb5 Rf1+ 29. Qxf1 Nxf1 30. Rf2 Ng3+ 31. Kh2 axb5 32.
Rf7 Rf8 33. Rxe7 Nf1+ 34. Rxf1 Qxf1 35. b4 Qf4+ 36. Kh1 e3 37. h4 Qxh4+ 38.
Kg1 Qxe7 39. Kh1 e2 40. a4 e1=Q+ 41. Kh2 Q7h4# {White checkmated} 0-1

[Event "ICC tourney 2817 (20 5)"]
[Site "Internet Chess Club"]
[Date "2022.02.05"]
[Round "1"]
[White "SWAMINATHAN, LAIA:laiaswaminathan"]
[Black "Garner, Christian:ChristianJRG"]
[Result "0-1"]
[ICCResult "White resigns"]
[WhiteElo "1151"]
[BlackElo "1608"]
[Opening "Dutch defense"]
[ECO "A84"]
[NIC "HD.10"]
[Time "11:21:43"]
[PlyCount "80"]
[TimeControl "1200+5"]

1. d4 f5 2. c4 e6 3. Nf3 Nf6 4. Bg5 Be7 5. e3 O-O 6. Be2 d6 7. Nc3 Ne4 8.
Bxe7 Qxe7 9. Qc2 Nxc3 10. bxc3 e5 11. Nd2 Nd7 12. dxe5 dxe5 13. Nf3 e4 14.
Nd4 c5 15. Nb3 Ne5 16. Rd1 Be6 17. f4 exf3 18. gxf3 Bxc4 19. Bxc4+ Nxc4 20.
Qf2 b6 21. Rg1 Qxe3+ 22. Qxe3 Nxe3 23. Rd7 Rf7 24. Rxf7 Kxf7 25. Kf2 f4 26.
Nd2 Rd8 27. Ne4 h6 28. Re1 Rd1 29. Rxd1 Nxd1+ 30. Ke2 Ne3 31. Nd6+ Ke6 32.
Nb5 a5 33. Na3 Kd5 34. Kd3 c4+ 35. Ke2 Kc5 36. Nb1 b5 37. a3 b4 38. cxb4+
axb4 39. axb4+ Kxb4 40. Nd2 c3 {White resigns} 0-1

[Event "ICC tourney 2817 (20 5)"]
[Site "Internet Chess Club"]
[Date "2022.02.05"]
[Round "1"]
[White "JAIN, PARINYA:StockAlpha2020"]
[Black "GEVORGYAN, DAVIT:Davo29"]
[Result "1-0"]
[ICCResult "Black checkmated"]
[WhiteElo "1288"]
[BlackElo "1704"]
[Opening "Caro-Kann: Panov-Botvinnik attack"]
[ECO "B13"]
[NIC "CK.03"]
[Time "11:22:05"]
[PlyCount "141"]
[TimeControl "1200+5"]

1. e4 c6 2. d4 d5 3. exd5 cxd5 4. c4 Nf6 5. Nc3 Nc6 6. Nf3 Bg4 7. Be3 e6 8.
a3 Be7 9. h3 Bh5 10. cxd5 Nxd5 11. Nxd5 Qxd5 12. Be2 Bf6 13. O-O O-O 14. Rc1
Rfd8 15. Rc5 Qxc5 16. dxc5 Rxd1 17. Rxd1 Rd8 18. Rxd8+ Bxd8 19. b4 a6 20. g4
Bg6 21. Nd2 Bc7 22. Nc4 Kf8 23. Nd6 Bxd6 24. cxd6 Ke8 25. Bc5 Kd7 26. f4 f6
27. Kf2 Nd8 28. Ke3 Nf7 29. b5 Nxd6 30. bxa6 bxa6 31. Bxa6 Kc6 32. Bb4 e5
33. f5 Bf7 34. Kd3 Kb6 35. Bxd6 Kxa6 36. Bf8 Bd5 37. Bxg7 Bg2 38. h4 Bh3 39.
Ke4 Bxg4 40. Bxf6 Kb5 41. Bxe5 Bh5 42. Bd6 Kc6 43. Bb4 Kd7 44. Ke5 Ke8 45.
f6 Kf7 46. Be7 Bd1 47. Kf4 Kg6 48. Ke5 Bb3 49. Kd4 Kf5 50. a4 Ke6 51. a5 Bd5
52. a6 Ba8 53. a7 Kf7 54. Kc5 Ke8 55. Kd6 h5 56. Kc7 Bf3 57. Kb8 Kd7 58.
a8=Q Bxa8 59. Kxa8 Ke6 60. Kb7 Kd7 61. Kb6 Ke6 62. Kc6 Kf7 63. Kd6 Ke8 64.
Ke5 Kf7 65. Kf5 Kg8 66. Kg5 Kf7 67. Kxh5 Kg8 68. Kg6 Kh8 69. h5 Kg8 70. f7+
Kh8 71. f8=R# {Black checkmated} 1-0

[Event "ICC tourney 2817 (20 5)"]
[Site "Internet Chess Club"]
[Date "2022.02.05"]
[Round "1"]
[White "WANG, JACOB S:JACOBCHESS857"]
[Black "RAMASWAMY, NAKUL:IndianTerritory"]
[Result "0-1"]
[ICCResult "White resigns"]
[WhiteElo "1385"]
[BlackElo "2231"]
[Opening "Caro-Kann defense"]
[ECO "B11"]
[NIC "CK.01"]
[Time "11:21:45"]
[PlyCount "78"]
[TimeControl "1200+5"]

1. e4 c6 2. Nc3 d5 3. exd5 cxd5 4. d4 Nf6 5. Nf3 Bg4 6. Be2 e6 7. Bg5 Nbd7
8. h3 Bh5 9. O-O Be7 10. Re1 O-O 11. Ne5 Bxe2 12. Qxe2 a6 13. Nxd7 Qxd7 14.
Rac1 b5 15. Qd3 Rfc8 16. Ne2 Ne4 17. Bxe7 Qxe7 18. Nf4 Qf6 19. Qf3 Qxd4 20.
c3 Qf6 21. Qg4 Rc4 22. Rc2 Nxc3 23. Nh5 Qg6 24. Qxg6 hxg6 25. Rxc3 Rxc3 26.
bxc3 gxh5 27. Rc1 Rc8 28. Kf1 d4 29. Ke2 dxc3 30. Kd3 b4 31. Kc2 a5 32. Kb3
Rc5 33. a3 Rf5 34. Rc2 Rf4 35. Ka4 Kh7 36. Kxa5 bxa3 37. Rxc3 a2 38. Ra3
Rxf2 39. g3 Rf3 {White resigns} 0-1

[Event "ICC tourney 2817 (20 5)"]
[Site "Internet Chess Club"]
[Date "2022.02.05"]
[Round "1"]
[White "HANKE, HARVEY:ThinkingPanda"]
[Black "WEYMAN, GRANT A:grantwey"]
[Result "1/2-1/2"]
[ICCResult "Game drawn by repetition"]
[WhiteElo "1551"]
[BlackElo "1115"]
[Opening "King's gambit"]
[ECO "C30"]
[NIC "KG.05"]
[Time "11:21:59"]
[PlyCount "68"]
[TimeControl "1200+5"]

1. e4 e5 2. f4 d6 3. Nf3 Nc6 4. Nc3 Bg4 5. Bb5 a6 6. Bxc6+ bxc6 7. O-O Be7
8. h3 Bxf3 9. Qxf3 Nf6 10. d3 O-O 11. f5 d5 12. Qg3 Kh8 13. Bg5 Nh5 14. Qh4
Bxg5 15. Qxh5 d4 16. Ne2 Be3+ 17. Kh1 Qg5 18. Qf3 Rab8 19. b3 Rfd8 20. Ng1
Rd6 21. g3 Rh6 22. h4 Qh5 23. Qg2 g5 24. fxg6 Qxg6 25. Rf5 Rg8 26. Nf3 f6
27. Kh2 Bf4 28. Rg1 Be3 29. Rf1 Bf4 30. Rg1 Be3 31. Rf1 Bf4 32. Rg1 Be3 33.
Rf1 Bf4 34. Rg1 Be3 {Game drawn by repetition} 1/2-1/2

[Event "ICC tourney 2817 (20 5)"]
[Site "Internet Chess Club"]
[Date "2022.02.05"]
[Round "2"]
[White "RAMASWAMY, NAKUL:IndianTerritory"]
[Black "WANG, ROCKY:RockyWang"]
[Result "1/2-1/2"]
[ICCResult "Game drawn by repetition"]
[WhiteElo "2231"]
[BlackElo "1461"]
[Opening "Giuoco Pianissimo"]
[ECO "C50"]
[NIC "IG.02"]
[Time "12:30:34"]
[PlyCount "73"]
[TimeControl "1200+5"]

1. e4 e5 2. Nf3 Nc6 3. Bc4 Bc5 4. d3 Nf6 5. c3 d6 6. Bg5 h6 7. Bh4 Bg4 8. h3
Bh5 9. g4 Bg6 10. Bg3 Qd7 11. Nh4 O-O-O 12. b4 Bb6 13. Nd2 Rhe8 14. Qb3 d5
15. exd5 Nxd5 16. Nxg6 fxg6 17. Ne4 Nf6 18. O-O-O Qe7 19. Bf7 Rf8 20. Bxg6
Nxe4 21. Bxe4 Bxf2 22. Bxf2 Rxf2 23. Rhf1 Qg5+ 24. Kb1 Rf4 25. Qe6+ Kb8 26.
Bxc6 bxc6 27. Qxc6 Rxf1 28. Rxf1 Qd2 29. Qb5+ Ka8 30. Rf7 Qd1+ 31. Kb2 Qd2+
32. Kb1 Qd1+ 33. Kb2 Qd2+ 34. Kb3 Qd1+ 35. Kb2 Qd2+ 36. Kb1 Qd1+ 37. Kb2
{Game drawn by repetition}
1/2-1/2

[Event "ICC tourney 2817 (20 5)"]
[Site "Internet Chess Club"]
[Date "2022.02.05"]
[Round "2"]
[White "GEVORGYAN, DAVIT:Davo29"]
[Black "SWAMINATHAN, LAIA:laiaswaminathan"]
[Result "1-0"]
[ICCResult "Black resigns"]
[WhiteElo "1704"]
[BlackElo "1151"]
[Opening "Caro-Kann: exchange variation"]
[ECO "B13"]
[NIC "CK.02"]
[Time "12:30:33"]
[PlyCount "61"]
[TimeControl "1200+5"]

1. e4 c6 2. d4 d5 3. exd5 cxd5 4. Bd3 Nf6 5. c3 g6 6. Bf4 Nc6 7. Nd2 Bf5 8.
Bxf5 gxf5 9. Ngf3 e6 10. O-O Qe7 11. Ne5 Nxe5 12. Bxe5 Rg8 13. Re1 Ng4 14.
Bg3 f4 15. Bxf4 Qh4 16. Bg3 Qd8 17. Nf3 Bd6 18. Ne5 Bxe5 19. Bxe5 Nxe5 20.
Rxe5 Qh4 21. Qf3 Qg4 22. Qxd5 Rb8 23. Rae1 Ke7 24. Qe4 Qxe4 25. R1xe4 Rbc8
26. g3 Kd6 27. Rh5 Rg7 28. Reh4 Rh8 29. Kf1 Ke7 30. Ke2 Kf6 31. Ke3
{Black resigns}
1-0

[Event "ICC tourney 2817 (20 5)"]
[Site "Internet Chess Club"]
[Date "2022.02.05"]
[Round "2"]
[White "HARRIS, ISAAC LOTT:isaaclharris"]
[Black "BADAM, GAUTHAM:K01-30070352"]
[Result "1-0"]
[ICCResult "Black checkmated"]
[WhiteElo "1509"]
[BlackElo "138"]
[Opening "QGA: 3.e4"]
[ECO "D20"]
[NIC "QG.04"]
[Time "12:48:44"]
[PlyCount "39"]
[TimeControl "1200+5"]

1. d4 d5 2. c4 dxc4 3. e4 Nf6 4. Nc3 Ng4 5. h3 Nf6 6. Bxc4 Be6 7. Bxe6 fxe6
8. Nf3 Nc6 9. O-O Qd7 10. Be3 Kd8 11. Qe2 Ke8 12. Rfd1 Nh5 13. Ne5 Qc8 14.
Qxh5+ g6 15. Nxg6 Kd8 16. Nxh8 e5 17. dxe5+ Qd7 18. Rxd7+ Kxd7 19. Rd1+ Ke6
20. Qf5# {Black checkmated} 1-0

[Event "ICC tourney 2817 (20 5)"]
[Site "Internet Chess Club"]
[Date "2022.02.05"]
[Round "2"]
[White "ZHAO, DANSON:K01-30127679"]
[Black "WANG, JACOB S:JACOBCHESS857"]
[Result "0-1"]
[ICCResult "White checkmated"]
[WhiteElo "1049"]
[BlackElo "1385"]
[Opening "Giuoco Pianissimo: Italian four knights variation"]
[ECO "C50"]
[NIC "IG.02"]
[Time "12:39:32"]
[PlyCount "134"]
[TimeControl "1200+5"]

1. e4 e5 2. Nf3 Nc6 3. Bc4 Bc5 4. Nc3 Nf6 5. d3 O-O 6. Bg5 Be7 7. h3 b6 8.
O-O Bb7 9. Qd2 d6 10. Bh4 Nd4 11. Nxd4 exd4 12. Ne2 Nxe4 13. dxe4 Bxh4 14.
Qxd4 Bf6 15. Qd3 Bxb2 16. Rab1 Bf6 17. Nf4 Be5 18. Nd5 c6 19. Ne3 Qg5 20.
Ng4 Rad8 21. Qb3 d5 22. Nxe5 Qxe5 23. exd5 cxd5 24. Rfe1 dxc4 25. Rxe5 cxb3
26. cxb3 Rfe8 27. Rbe1 Rxe5 28. Rxe5 Kf8 29. Re2 Rd7 30. Rc2 Ke8 31. Re2+
Kd8 32. Rc2 Be4 33. Re2 Bc6 34. Rc2 Rd6 35. Rb2 Rg6 36. f3 Bxf3 37. Rd2+ Kc7
38. Rc2+ Bc6 39. b4 a6 40. a4 b5 41. axb5 axb5 42. Kf1 Rxg2 43. Rxg2 Bxg2+
44. Kxg2 Kd6 45. Kf2 Kd5 46. Ke2 Kc4 47. Kd2 Kxb4 48. Kc2 Ka3 49. Kc3 b4+
50. Kc4 b3 51. Kc3 b2 52. Kc2 Ka2 53. h4 b1=Q+ 54. Kd2 Qb4+ 55. Kc2 Qb3+ 56.
Kd2 Kb2 57. h5 Qc3+ 58. Ke2 Kc2 59. h6 Qd3+ 60. Kf2 Kd2 61. hxg7 Qg6 62.
g8=Q Qxg8 63. Kf3 h5 64. Ke4 Qg4+ 65. Ke5 Ke3 66. Kf6 Qg6+ 67. Ke5 Qe6#
{White checkmated}
0-1

[Event "ICC tourney 2817 (20 5)"]
[Site "Internet Chess Club"]
[Date "2022.02.05"]
[Round "2"]
[White "QI, JENNY:eevee11"]
[Black "KUMAR, SRIRAM K:sirking2800"]
[Result "0-1"]
[ICCResult "White forfeits on time"]
[WhiteElo "1386"]
[BlackElo "1732"]
[Opening "Ruy Lopez: closed, Chigorin, 12...c5d4"]
[ECO "C99"]
[NIC "RL.24"]
[Time "12:30:31"]
[PlyCount "82"]
[TimeControl "1200+5"]

1. e4 e5 2. Nf3 Nc6 3. Bb5 a6 4. Ba4 Nf6 5. O-O Be7 6. Re1 b5 7. Bb3 O-O 8.
c3 d6 9. h3 Na5 10. Bc2 c5 11. d4 Qc7 12. Nbd2 cxd4 13. cxd4 Nc6 14. d5 Nb4
15. Bb3 a5 16. a3 Nd3 17. Re3 Nc5 18. Bc2 Bd7 19. Nf1 Rfc8 20. Bd2 Bd8 21.
Re1 Qb7 22. b3 b4 23. axb4 axb4 24. Ng3 Rxa1 25. Qxa1 Na4 26. Rc1 Nc3 27.
Bd3 Ra8 28. Qb2 Ra2 29. Bxc3 Rxb2 30. Bxb2 Bb6 31. Rf1 Qa7 32. Bc4 Qa2 33.
Bc1 Qc2 34. Nd2 h5 35. h4 Ng4 36. Nh1 Bd8 37. g3 Bb6 38. Be2 Nf6 39. Bc4
Nxe4 40. Nxe4 Qxe4 41. Bg5 Bh3 {White forfeits on time} 0-1

[Event "ICC tourney 2817 (20 5)"]
[Site "Internet Chess Club"]
[Date "2022.02.05"]
[Round "2"]
[White "Garner, Christian:ChristianJRG"]
[Black "JAIN, PARINYA:StockAlpha2020"]
[Result "1-0"]
[ICCResult "Black checkmated"]
[WhiteElo "1608"]
[BlackElo "1288"]
[Opening "English: Carls' Bremen system"]
[ECO "A22"]
[NIC "EO.10"]
[Time "12:30:39"]
[PlyCount "125"]
[TimeControl "1200+5"]

1. c4 e5 2. Nc3 Nf6 3. g3 Nc6 4. Bg2 Bc5 5. e3 d6 6. Nge2 Bf5 7. O-O Bd3 8.
a3 a5 9. Nd5 O-O 10. b3 e4 11. Nxf6+ Qxf6 12. Ra2 Qh6 13. Re1 Ne5 14. Nf4 c6
15. Bb2 g5 16. Bxe5 dxe5 17. Nxd3 exd3 18. Be4 Rad8 19. Qb1 Qd6 20. b4 axb4
21. axb4 Bxb4 22. Rb2 Ba5 23. Ra2 b6 24. Rc1 f5 25. c5 Qd7 26. cxb6 fxe4 27.
Rxa5 Qf5 28. Rf1 Rf6 29. b7 Rff8 30. Qb3+ Kh8 31. Rc5 Qf6 32. Qc4 Qf5 33.
Rxc6 h5 34. Qe6 Qxe6 35. Rxe6 Rb8 36. Rxe5 Rxb7 37. Rxg5 Rb2 38. Rxh5+ Kg7
39. Rd1 Kf6 40. Rh4 Kf5 41. Rf4+ Ke5 42. Rxf8 Rc2 43. h4 Rc6 44. Kg2 Rg6 45.
Kh3 Rg7 46. g4 Rc7 47. h5 Rh7 48. Kh4 Ke6 49. g5 Ke7 50. Rf4 Kd6 51. g6 Re7
52. Kg5 Re5+ 53. Rf5 Re7 54. h6 Kd7 55. Rf7 Rxf7 56. gxf7 Ke7 57. h7 Kxf7
58. h8=Q Ke6 59. Qd4 Kf7 60. Qe5 Kg8 61. Qe7 Kh8 62. Kg6 Kg8 63. Qg7#
{Black checkmated}
1-0

[Event "ICC tourney 2817 (20 5)"]
[Site "Internet Chess Club"]
[Date "2022.02.05"]
[Round "2"]
[White "PARK, COLIN:collywog"]
[Black "HANKE, HARVEY:ThinkingPanda"]
[Result "0-1"]
[ICCResult "White resigns"]
[WhiteElo "1161"]
[BlackElo "1551"]
[Opening "Vienna game"]
[ECO "C28"]
[NIC "VG.04"]
[Time "12:38:55"]
[PlyCount "68"]
[TimeControl "1200+5"]

1. e4 e5 2. Nc3 Nc6 3. Bc4 Nf6 4. f4 exf4 5. d4 Bb4 6. Bxf4 Nxe4 7. Qe2 Qe7
8. Bd2 Nxd2 9. Kxd2 Nxd4 10. Qxe7+ Kxe7 11. Re1+ Ne6 12. a3 Bxc3+ 13. bxc3
d5 14. Bb3 Rd8 15. Nf3 b6 16. Ba4 c5 17. Ne5 Bb7 18. Bc6 Rdb8 19. Rd1 f6 20.
Bxb7 Rxb7 21. Nf3 Kf7 22. Rhf1 Re7 23. Ne5+ Kg8 24. Ng4 Kh8 25. Rde1 Rae8
26. Ne3 Nc7 27. Nf5 Rxe1 28. Rxe1 Rxe1 29. Kxe1 Kg8 30. Ke2 Kf7 31. Ke3 g6
32. Nd6+ Ke6 33. Nc8 Nb5 34. c4 dxc4 {White resigns} 0-1

[Event "ICC tourney 2817 (20 5)"]
[Site "Internet Chess Club"]
[Date "2022.02.05"]
[Round "2"]
[White "WEYMAN, GRANT A:grantwey"]
[Black "RAMAN, ARJUN:jojoraman"]
[Result "1/2-1/2"]
[ICCResult "Game drawn by repetition"]
[WhiteElo "1115"]
[BlackElo "1619"]
[Opening "Giuoco Piano"]
[ECO "C54"]
[NIC "IG.02"]
[Time "12:30:59"]
[PlyCount "155"]
[TimeControl "1200+5"]

1. e4 e5 2. Nf3 Nc6 3. Bc4 Bc5 4. c3 Nf6 5. d4 exd4 6. cxd4 Bb4+ 7. Bd2
Bxd2+ 8. Nbxd2 d5 9. exd5 Nxd5 10. O-O O-O 11. Re1 Be6 12. Bxd5 Bxd5 13. Nb3
Bxf3 14. gxf3 Qd5 15. Re4 f5 16. Re3 Rad8 17. Rd3 b6 18. Qd2 a5 19. Qc3 Nb4
20. Rd2 Nc6 21. Rc1 Rf6 22. Qc4 Kf8 23. Qxd5 Rxd5 24. Rdc2 Nb4 25. Rxc7 a4
26. Rb7 Nc6 27. Rxb6 Rdd6 28. d5 Ne5 29. Rxd6 Rxd6 30. Nc5 Rg6+ 31. Kh1 a3
32. Ne6+ Ke7 33. bxa3 Nxf3 34. a4 Kd6 35. Rd1 Rh6 36. Kg2 Nxh2 37. Nxg7 Rg6+
38. Kxh2 Rxg7 39. Rd3 Ra7 40. Rf3 Rxa4 41. Rxf5 Rxa2 42. Kg3 Ra5 43. Rh5
Ra3+ 44. f3 Ra7 45. Kg4 Rg7+ 46. Kf4 Rf7+ 47. Kg3 Rg7+ 48. Kf2 Rf7 49. Kg3
Rg7+ 50. Kf2 Rf7 51. Ke3 Re7+ 52. Kd4 Rf7 53. Rh3 Rf4+ 54. Ke3 Rf7 55. Rh5
Re7+ 56. Kf2 Rf7 57. Ke2 Re7+ 58. Kf2 Rf7 59. Ke3 Re7+ 60. Kf2 Rf7 61. Kg3
Rg7+ 62. Kf2 Rf7 63. Rg5 Rd7 64. Rh5 Rf7 65. Kg2 Rg7+ 66. Kf2 Rf7 67. Ke2
Re7+ 68. Kf2 Rf7 69. Ke2 Re7+ 70. Kf2 Rf7 71. Kg2 Rg7+ 72. Kf2 Rf7 73. Ke2
Re7+ 74. Kf2 Rf7 75. Kg2 Rg7+ 76. Kf2 Rf7 77. Ke2 Re7+ 78. Kf2
{Game drawn by repetition}
1/2-1/2

[Event "ICC tourney 2817 (20 5)"]
[Site "Internet Chess Club"]
[Date "2022.02.05"]
[Round "3"]
[White "BADAM, GAUTHAM:K01-30070352"]
[Black "Potukuchi, Siddhartha:Firemonsterz"]
[Result "0-1"]
[ICCResult "White checkmated"]
[WhiteElo "138"]
[BlackElo "1369"]
[Opening "Giuoco Piano"]
[ECO "C50"]
[NIC "IG.02"]
[Time "14:01:03"]
[PlyCount "50"]
[TimeControl "1200+5"]

1. e4 e5 2. Nf3 Nc6 3. Bc4 Bc5 4. O-O d6 5. c3 Bg4 6. h3 Bxf3 7. Qxf3 Nf6 8.
d4 exd4 9. cxd4 Nxd4 10. Qf4 O-O 11. Nc3 c6 12. Be3 b5 13. Bd3 Ne6 14. Qf3
Qb6 15. Bxc5 Nxc5 16. Bc2 Rae8 17. b4 Ne6 18. e5 Nd4 19. Bb1 Nxf3+ 20. gxf3
Rxe5 21. Kh1 Qb7 22. f4 c5+ 23. Kg1 Rh5 24. Bc2 Rxh3 25. Ne2 Rh1#
{White checkmated}
0-1

[Event "ICC tourney 2817 (20 5)"]
[Site "Internet Chess Club"]
[Date "2022.02.05"]
[Round "3"]
[White "KUMAR, SRIRAM K:sirking2800"]
[Black "Garner, Christian:ChristianJRG"]
[Result "1-0"]
[ICCResult "Black resigns"]
[WhiteElo "1732"]
[BlackElo "1608"]
[Opening "Sicilian: Pelikan, Chelyabinsk variation"]
[ECO "B33"]
[NIC "SI.37"]
[Time "14:00:11"]
[PlyCount "43"]
[TimeControl "1200+5"]

1. e4 c5 2. Nf3 Nc6 3. d4 cxd4 4. Nxd4 Nf6 5. Nc3 e5 6. Ndb5 d6 7. Bg5 a6 8.
Na3 b5 9. Bxf6 gxf6 10. Nd5 Bg7 11. c3 Be6 12. Nc2 f5 13. Bd3 fxe4 14. Bxe4
O-O 15. g4 Ra7 16. Nce3 Ne7 17. Rg1 Nxd5 18. Nxd5 Qg5 19. h4 Qxh4 20. Rh1
Qxg4 21. Bxh7+ Kh8 22. Bf5+ {Black resigns} 1-0

[Event "ICC tourney 2817 (20 5)"]
[Site "Internet Chess Club"]
[Date "2022.02.05"]
[Round "3"]
[White "SWAMINATHAN, LAIA:laiaswaminathan"]
[Black "PARK, COLIN:collywog"]
[Result "1-0"]
[ICCResult "Black checkmated"]
[WhiteElo "1151"]
[BlackElo "1161"]
[Opening "QGD Slav: 4.Nc3"]
[ECO "D15"]
[NIC "SL.03"]
[Time "14:00:13"]
[PlyCount "97"]
[TimeControl "1200+5"]

1. d4 d5 2. c4 c6 3. Nc3 Nf6 4. Nf3 Bf5 5. Qb3 Qb6 6. c5 Qxb3 7. axb3 Na6 8.
e3 Nb4 9. Ra4 Nd3+ 10. Bxd3 Bxd3 11. Ne5 Be4 12. f3 Bf5 13. g4 Bc2 14. Rb4
a5 15. Rxb7 e6 16. Kd2 Bg6 17. Nxc6 Nd7 18. Nb5 Rc8 19. Nc7+ Rxc7 20. Rxc7
f6 21. Nxa5 Be7 22. Rc8+ Bd8 23. Nc6 Kf7 24. Nxd8+ Ke7 25. Nc6+ Kf7 26. Rxh8
Nf8 27. Rxf8+ Kxf8 28. b4 Ke8 29. b5 Kd7 30. b4 Be8 31. Bb2 Kc7 32. Ra1 Kb7
33. Ra7+ Kc8 34. Ne7+ Kb8 35. Ra6 Bxb5 36. Rb6+ Kc7 37. Rxb5 Kd7 38. Rb7+
Kd8 39. c6 Ke8 40. c7 Kf7 41. c8=Q f5 42. Qg8+ Kf6 43. g5+ Kxg5 44. Qxg7+
Kh5 45. Qxh7+ Kg5 46. Rb8 Kf6 47. Rf8+ Kg5 48. Qg7+ Kh5 49. Rh8#
{Black checkmated}
1-0

[Event "ICC tourney 2817 (20 5)"]
[Site "Internet Chess Club"]
[Date "2022.02.05"]
[Round "3"]
[White "RAMAN, ARJUN:jojoraman"]
[Black "JAIN, PARINYA:StockAlpha2020"]
[Result "1-0"]
[ICCResult "Black checkmated"]
[WhiteElo "1619"]
[BlackElo "1288"]
[Opening "Scotch game"]
[ECO "C45"]
[NIC "SO.04"]
[Time "14:00:16"]
[PlyCount "73"]
[TimeControl "1200+5"]

1. e4 e5 2. Nf3 Nc6 3. d4 exd4 4. Nxd4 Nxd4 5. Qxd4 c5 6. Qc4 d6 7. Nc3 Nf6
8. Bg5 Be7 9. Be2 O-O 10. O-O Be6 11. Qd3 Rc8 12. Rad1 Qb6 13. b3 Rfd8 14.
Qg3 Qb4 15. Nd5 Nxd5 16. exd5 Bxg5 17. dxe6 Bf6 18. exf7+ Kxf7 19. Rxd6 Rxd6
20. Qxd6 Rd8 21. Bc4+ Ke8 22. Qe6+ Be7 23. Re1 Qxe1+ 24. Qxe1 a6 25. g3 b5
26. Be6 Rd6 27. Qe4 Rd4 28. Qxh7 Bf6 29. Qg8+ Ke7 30. Qf7+ Kd6 31. Qd7+ Ke5
32. f4+ Ke4 33. Bf5+ Kf3 34. Qc6+ Ke3 35. Qxc5 Kf3 36. Qc3+ Ke2 37. Bg4#
{Black checkmated}
1-0

[Event "ICC tourney 2817 (20 5)"]
[Site "Internet Chess Club"]
[Date "2022.02.05"]
[Round "3"]
[White "WANG, ROCKY:RockyWang"]
[Black "HANKE, HARVEY:ThinkingPanda"]
[Result "0-1"]
[ICCResult "White resigns"]
[WhiteElo "1461"]
[BlackElo "1551"]
[Opening "Ruy Lopez: Schliemann defense"]
[ECO "C63"]
[NIC "RL.06"]
[Time "14:00:21"]
[PlyCount "92"]
[TimeControl "1200+5"]

1. e4 e5 2. Nf3 Nc6 3. Bb5 f5 4. d4 fxe4 5. Nxe5 Nxe5 6. dxe5 c6 7. Bc4 Qa5+
8. Nc3 Qxe5 9. O-O d5 10. Bb3 Nf6 11. f3 Bd6 12. g3 Bh3 13. Re1 Bc5+ 14. Kh1
O-O-O 15. Bf4 Qf5 16. Qe2 exf3 17. Qxf3 Bg4 18. Qg2 Qh5 19. Rf1 Bh3 20. Qf3
Bxf1 21. Rxf1 Ng4 22. h4 Nf6 23. Bg5 Qxf3+ 24. Rxf3 Rdf8 25. Kg2 h6 26. Bxf6
Rxf6 27. Rxf6 gxf6 28. Kf3 Bd4 29. Nd1 Rg8 30. g4 Be5 31. c3 Kd7 32. Ne3 h5
33. Bc2 hxg4+ 34. Nxg4 Rh8 35. Bf5+ Ke7 36. Nxe5 fxe5 37. Kg4 Kf6 38. Bd3 e4
39. Be2 Rg8+ 40. Kh3 Kf5 41. h5 Kf4 42. c4 d4 43. h6 Rh8 44. Kh4 Rxh6+ 45.
Bh5 Rxh5+ 46. Kxh5 e3 {White resigns} 0-1

[Event "ICC tourney 2817 (20 5)"]
[Site "Internet Chess Club"]
[Date "2022.02.05"]
[Round "3"]
[White "RAMASWAMY, NAKUL:IndianTerritory"]
[Black "HARRIS, ISAAC LOTT:isaaclharris"]
[Result "1-0"]
[ICCResult "Black resigns"]
[WhiteElo "2231"]
[BlackElo "1509"]
[Opening "French: advance variation"]
[ECO "C02"]
[NIC "FR.03"]
[Time "14:00:21"]
[PlyCount "63"]
[TimeControl "1200+5"]

1. e4 e6 2. d4 d5 3. e5 c5 4. c3 Nc6 5. f4 Qb6 6. Nf3 Nh6 7. b3 cxd4 8. cxd4
Nf5 9. Bb2 Bb4+ 10. Kf2 O-O 11. Nc3 f6 12. Na4 Qd8 13. Bd3 fxe5 14. dxe5 a6
15. Rc1 Bd7 16. a3 Be7 17. h4 Bxh4+ 18. Nxh4 Nxh4 19. Bxh7+ Kxh7 20. Qh5+
Kg8 21. Rxh4 Rf5 22. Qh7+ Kf7 23. Nc5 b6 24. Nb7 Qg8 25. Nd6+ Kf8 26. Nxf5
exf5 27. Qg6 Ne7 28. Qd6 g5 29. Qf6+ Qf7 30. Rh8+ Ng8 31. Qd6+ Qe7 32. Rxg8+
{Black resigns}
1-0